 Dungeon Crawl Stone Soup version 0.31-a0-1591-g515db51633 (webtiles) character file.

Game seed: 5784969613363366637

1457714 ragingrage the Worldbinder (level 26, 185/237 HPs)
             Began as an Octopode Artificer on Jan 5, 2024.
             Was an Initiate of Gozag.
             Escaped with the Orb
             ... and 3 runes on Jan 6, 2024!
             The game lasted 03:01:04 (89359 turns).

ragingrage the Worldbinder (Octopode Artificer)    Turns: 89359, Time: 03:01:04

Health: 185/237    AC: 32    Str: 23    XL:     26   Next: 87%
Magic:  49/49      EV: 42    Int: 24    God:    Gozag
Gold:   7253       SH: 14    Dex: 20    Spells: 8/52 levels left

rFire   + . .        a - +5 demon trident (drain)
rCold   + . .        Z - +0 kite shield {AC+3}
rNeg    + . .        C - +2 hat
rPois   ∞            S - amulet of magic regeneration
rElec   +            m - ring "Imaoroq" {rPois rF+ rC+ Slay-5}
rCorr   .            p - ring "Mesuec" {EV+5 Dex+3}
SInv    +            v - ring "Womeumut" {MP+9 Str-3 Int+5}
Will    +++..        u - ring "Kaassy" {Will+ Slay+2}
Stlth   ++           I - ring of see invisible
HPRegen 0.59/turn    t - ring "Tageon" {Dex+3 Slay+4}
MPRegen 0.71/turn    U - ring "Imnah" {EV+5 Str+6}
                     J - ring of the Hare {EV+10}

%: no passive effects
@: statue-form, studying 3 skills, bribing [the Dungeon, the Realm of Zot], very
slow
A: slow and powerful, torment resistance 1, boosted hp, almost no armour,
amphibious, 8 rings, camouflage 1, (gelatinous body 1), (nimble swimmer 1),
tentacles, (iridescent scales 1), strong-willed 1, sense surroundings 1, strong
2
0: Orb of Zot
}: 3/15 runes: decaying, serpentine, silver
a: Begin Untransformation, Renounce Religion, Potion Petition, Call Merchant,
Bribe Branch


You escaped.
You worshipped Gozag.
Gozag was greatly pleased with you.
You were a living statue of rough stone.
You visited 10 branches of the dungeon, and saw 49 of its levels.
You also visited: Gauntlet and Ice Cave.

You collected 27298 gold pieces.
You spent 3565 gold pieces at shops.
You paid 16480 gold pieces to Gozag.

Inventory:

Hand Weapons
 a - a +5 demon trident of draining (weapon)
Missiles
 B - 5 throwing nets
Armour
 C - a +2 hat (worn)
 Z - a +0 kite shield of protection (worn)
Jewellery
 e - a ring of resist corrosion
 m - the ring "Imaoroq" (left tentacle) {rPois rF+ rC+ Slay-5}
   (You bought it in a shop on level 1 of the Elven Halls)

   [ring of protection from cold]

   Slay-5:    It affects your accuracy & damage with ranged weapons and melee
   (-5).
   rF+:       It protects you from fire.
   rC+:       It protects you from cold.
   rPois:     It protects you from poison
 p - the ring "Mesuec" (right tentacle) {EV+5 Dex+3}
   (You took it off a deep elf sorcerer on level 3 of the Elven Halls)

   [ring of evasion]

   EV+5:      It affects your evasion (+5).
   Dex+3:     It affects your dexterity (+3).
 t - the ring "Tageon" (on tentacle) {Dex+3 Slay+4}
   (You took it off a deep elf annihilator on level 3 of the Elven Halls)

   [ring of slaying]

   Dex+3:     It affects your dexterity (+3).
   Slay+4:    It affects your accuracy & damage with ranged weapons and melee
   (+4).
 u - the ring "Kaassy" (on tentacle) {Will+ Slay+2}
   (You bought it in a shop on level 1 of the Elven Halls)

   [ring of willpower]

   Slay+2:    It affects your accuracy & damage with ranged weapons and melee
   (+2).
   Will+:     It increases your willpower.
 v - the ring "Womeumut" (on tentacle) {MP+9 Str-3 Int+5}
   (You acquired it on level 3 of the Dungeon)

   [ring of magical power]

   Str-3:     It affects your strength (-3).
   Int+5:     It affects your intelligence (+5).
   MP+9:      It affects your magic capacity (+9).
 I - a ring of see invisible (on tentacle)
 J - the ring of the Hare (on tentacle) {EV+10}
   (You took it off a deep elf annihilator on level 3 of the Elven Halls)

   [ring of evasion]

   EV+10:     It affects your evasion (+10).
 S - an amulet of magic regeneration (around mantle)
 U - the ring "Imnah" (on tentacle) {EV+5 Str+6}
   (You found it in a Gauntlet)

   [ring of evasion]

   EV+5:      It affects your evasion (+5).
   Str+6:     It affects your strength (+6).
Talismans
 k - a granite talisman (active)
Wands
 c - a wand of charming (42)
 d - a wand of iceblast (52)
 F - a wand of flame (10)
 L - a wand of quicksilver (19)
 W - a wand of digging (9)
 X - a wand of mindburst (25)
Scrolls
 b - 5 scrolls of fear
 f - 15 scrolls of noise
 q - 9 scrolls of immolation
 s - 6 scrolls of revelation
 x - 7 scrolls of vulnerability
 y - 6 scrolls of fog
 z - 10 scrolls of teleportation
 E - a scroll of summoning
 G - 8 scrolls of poison
 K - a scroll of silence
 T - 2 scrolls of torment
Potions
 g - 5 potions of resistance
 h - 18 potions of curing
 i - 11 potions of lignification
 j - 8 potions of brilliance
 l - 10 potions of mutation
 n - 5 potions of haste
 r - 11 potions of heal wounds
 w - 4 potions of cancellation
 D - 12 potions of enlightenment
 N - 4 potions of berserk rage
 P - 11 potions of might
 Q - 7 potions of invisibility
 Y - 5 potions of attraction
Miscellaneous
 o - a phantom mirror (inert)
 A - a tin of tremorstones (2/2)
 H - a lightning rod (4/4)
 O - a phial of floods
 V - a sack of spiders


   Skills:
 + Level 15.8 Fighting
 - Level 14.0 Polearms
 - Level 0.2 Ranged Weapons
 - Level 15.0 Dodging
 - Level 8.0 Stealth
 + Level 14.8 Shields
 - Level 13.5 Spellcasting
 - Level 9.0 Conjurations
 - Level 5.0 Hexes
 + Level 26.3 Summonings
 - Level 9.0 Necromancy
 - Level 3.0 Translocations
 - Level 3.0 Ice Magic
 - Level 10.0 Alchemy
 - Level 9.0 Evocations
 - Level 16.0 Shapeshifting


You had 8 spell levels left.
You knew the following spells:

 Your Spells              Type           Power      Damage    Failure   Level
a - Summon Cactus Giant   Summ           48%        N/A       1%          6
b - Summon Mana Viper     Hex/Summ       75%        N/A       1%          5
c - Fugue of the Fallen   Necr           56%        N/A       1%          3
d - Summon Hydra          Summ           48%        N/A       1%          7
e - Blink                 Tloc           60%        N/A       2%          2
f - Dragon's Call         Summ           48%        N/A       12%         9
g - Irradiate             Conj/Alch      29%        3d21      3%          5
h - Haunt                 Necr/Summ      39%        N/A       3%          7

Your spell library contained the following spells:

 Spells                   Type           Power      Damage    Failure   Level
 Call Imp                 Summ           100%       N/A       0%          2
 Magic Dart               Conj           100%       1d8       1%          1
 Necrotise                Necr           100%       1d9       1%          1
 Slow                     Hex            100%       N/A       1%          1
 Cigotuvi's Dreadful Rot  Necr/Alch/Air  92%        N/A       1%          2
 Ensorcelled Hibernation  Hex/Ice        70%        N/A       1%          2
 Jinxbite                 Hex            80%        N/A       1%          2
 Momentum Strike          Conj/Tloc      90%        3d10      1%          2
 Static Discharge         Conj/Air       74%        3-7/arc   1%          2
 Dazzling Flash           Conj/Hex       98%        N/A       1%          3
 Hailstorm                Conj/Ice       45%        3d10      1%          3
 Mephitic Cloud           Conj/Alch/Air  46%        N/A       1%          3
 Summon Ice Beast         Ice/Summ       72%        N/A       1%          3
 Vampiric Draining        Necr           56%        2d10      1%          3
 Fulminant Prism          Conj/Alch      29%        3d13      1%          4
 Martyr's Knell           Necr/Summ      79%        N/A       1%          4
 Olgreb's Toxic Radiance  Alch           59%        N/A       1%          4
 Summon Lightning Spire   Summ/Air       68%        N/A       1%          4
 Monstrous Menagerie      Summ           48%        N/A       1%          7
 Summon Horrible Things   Summ           48%        N/A       1%          8
 Lesser Beckoning         Tloc           60%        N/A       2%          2
 Confusing Touch          Hex            40%        N/A       2%          3
 Sigil of Binding         Hex            40%        N/A       2%          3
 Stone Arrow              Conj/Erth      74%        3d11      2%          3
 Alistair's Intoxication  Alch           39%        N/A       2%          5
 Curse of Agony           Necr           56%        N/A       3%          5
 Iskenderun's Battlesphe  Conj           56%        2d11      3%          5
 Spellforged Servitor     Conj/Summ      39%        N/A       3%          7
 Frozen Ramparts          Ice            60%        1d10      4%          3
 Ozocubu's Armour         Ice            30%        N/A       4%          3
 Iskenderun's Mystic Bla  Conj/Tloc      45%        2d10      4%          4
 Sandblast                Erth           32%        2d9       5%          1
 Cause Fear               Hex            20%        N/A       7%          4
 Ignite Poison            Fire/Alch      40%        N/A       7%          4
 Leda's Liquefaction      Alch/Erth      20%        N/A       7%          4
 Petrify                  Alch/Erth      40%        N/A       7%          4
 Yara's Violent Unravell  Hex/Alch       25%        3d11      7%          5
 Volatile Blastmotes      Fire/Tloc      46%        2d13      9%          3
 Brom's Barrelling Bould  Conj/Erth      37%        2d6       9%          4
 Manifold Assault         Tloc           30%        N/A       16%         4
 Passwall                 Erth           16%        N/A       17%         3
 Swiftness                Air            16%        N/A       17%         3
 Fireball                 Conj/Fire      18%        3d9       24%         5
 Metabolic Englaciation   Hex/Ice        17%        N/A       30%         5
 Airstrike                Air            8%         2d(2-18)  50%         4
 Silence                  Hex/Air        14%        N/A       50%         5
 Sculpt Simulacrum        Ice/Alch       23%        N/A       52%         6
 Bombard                  Conj/Erth      18%        9d4       80%         6
 Lee's Rapid Deconstruct  Erth           8%         3d7*      83%         5
 Dispersal                Tloc           15%        N/A       94%         6
 Enfeeble                 Hex            20%        N/A       99%         7
 Disjunction              Tloc           15%        N/A       100%        8
 Chain Lightning          Conj/Air       18%        3d24      100%        9
 Fire Storm               Conj/Fire      18%        8d5       100%        9
 Shatter                  Erth           8%         3d10*     100%        9
 Sublimation of Blood     Necr           Unusable   N/A       N/A         2
 Animate Armour           Summ/Erth      Unusable   N/A       N/A         4

Dungeon Overview and Level Annotations

Branches:
Dungeon (15/15)            Temple (0/1) D:5            Lair (5/5) D:10
  Swamp (4/4) Lair:2        Snake (4/4) Lair:3          Orc (2/2) D:12
    Elf (3/3) Orc:2        Vaults (5/5) D:14          Crypt (2/3) Vaults:2
 Depths (4/4) D:15            Zot (5/5) Depths:4      IceCv (visited)
Gauntlet (visited)
  Slime: Lair:4-5

Altars:
Elyvilon
Gozag
Hepliaklqana
Kikubaaqudgha
Makhleb
Nemelex Xobeh
Qazlal
Ru
Trog
Uskayaw
Xom
Yredelemnul
Zin
The Shining One
Lugonu

Shops:
D:6 (   D:8 *[   Orc:1 ?*:   Orc:2 *(!:   Elf:1 =   Elf:3 [!(!(   Snake:1 !
Snake:2 [[   Snake:4 [   Vaults:1 (   Vaults:2 :   Vaults:5 (   Depths:1 *

Portals:
Hell: Depths:1 Depths:2 Depths:3 Depths:4
Abyss: Lair:5 Depths:2 Depths:3 Depths:4
Pandemonium: Orc:2 Depths:1 Depths:2 Depths:3
Ziggurat: Depths:3

Annotations:
D:3 exclusion: downstairs
Lair:3 exclusion: downstairs
Lair:4 Nessos
Swamp:2 exclusion: 2 downstairs
Snake:1 exclusion: downstairs
Snake:3 exclusion: downstairs
Elf:2 3 runed translucent doors
Vaults:2 exclusion: downstairs
Depths:2 exclusion: downstairs
Depths:4 3 runed translucent doors, Cyommoer's ghost, adept DEHW; Jajuenucs's ghost, veteran GnWn


Innate Abilities, Weirdness & Mutations

You are a living statue of rough stone.
Your actions are slow, but your melee attacks are powerful.
You are resistant to unholy torment.
Your maximum health is greatly increased.
You cannot wear most types of armour.
You are amphibious.
You can wear up to eight rings at the same time.
You are immune to poison.
Your skin changes colour to match your surroundings (Stealth+).
((Your rubbery body absorbs attacks. (AC +1, EV +1)))
((You are camouflaged when in or above water. (Stealth+)))
You have tentacles for arms and can constrict up to eight enemies at once.
((You are partially covered in iridescent scales. (AC +2)))
You are strong-willed. (Will+)
You passively map a small area around you.
Your muscles are very strong. (Str +8, Int/Dex -2)


Message History

(P) Snake Pit (O) Orcish Mines (E) Elven Halls (V) Vaults (C) Crypt (U) Depths (H) Hell (Z) Zot
Where to? (Tab/Enter - D:1 @ (x,y), ? - help)
Your eight-headed hydra disappears in a puff of smoke!
Your four-headed hydra disappears in a puff of smoke!
Your Orb Guardian grins greedily, jangling a coin purse.
An Orb Guardian comes into view.
Casting: Summon Hydra (mildly dangerous; 1% risk of failure)
Press: ? - help, Q - select action, (/) - cycle Dir - look around, f - activate A four-headed hydra appears.
Casting: Summon Hydra (mildly dangerous; 1% risk of failure)
Press: ? - help, Q - select action, (/) - cycle Dir - look around, f - activate An eight-headed hydra appears.
No target in view!
No target in view!
No target in view!
(D) Dungeon (T) Temple (L) Lair (S) Swamp (P) Snake Pit (O) Orcish Mines (E) Elven Halls (V) Vaults (C) Crypt (U) Depths (H) Hell (Z) Zot
Where to? (Tab/Enter - D:1 @ (x,y), ? - help)
Your four-headed hydra disappears in a puff of smoke!
Your eight-headed hydra disappears in a puff of smoke!
You see here a staff of death.
There is a stone staircase leading up here.
You climb upwards.
There is a stone staircase leading down here.
Your Orb Guardian grins greedily, jangling a coin purse.
An Orb Guardian comes into view.
There is an open door here.
Aiming: Dig
Press: ? - help, Shift-Dir - straight line A rock wall.
This square is covered in magical glow.
The rock shatters into small pieces.
The teleport trap disappears.
Your Orb Guardian disappears!
There is a staircase leading out of the dungeon here.
The tormentor calls on the powers of darkness!
Your body is wracked with pain!
You have escaped!

######..#...............# ###.##
#.##.#############.# #.....
#.##.#...........#.####.####
#..#.#.####.####.#......#
##...#.#.......#.#.######
###.#.#.#####.#.#.#
#.#.#.#...#.#.#.#
#.#.#.#.X.#2#.#.#
#.'.....8...#.'.# ##
#.#.#.#...#.#.#.# .#
#.#.#.#...#.#.#.#
.########.#.#.#####.#.#.#########
........#.#.#.......#.#..)...##..
.#####....#.####.####.#.####.##.#
.# #..#.#...........#.# #.##.# .#
##.#.#############.# #.##.# .#
#.#...............# #.##.#


You could see a tormentor (ally target) and a friendly Orb Guardian.

Vanquished Creatures
  3 dread liches
  Frederick (Depths:4)
  An ancient lich (Vaults:4)
  A pandemonium lord (Depths:1)
  Boris (Crypt:2)
  Saint Roka (Orc:2)
  3 curse toes
  3 golden dragons
  7 tentacled monstrosities
  2 Orb Guardians (Zot:5)
  3 titans (Vaults:5)
  4 death cobs
  A sphinx (Vaults:3)
  An ancient champion (Crypt:2)
  7 storm dragons
  2 tengu reavers (Vaults:5)
  A shadow dragon (Vaults:5)
  A protean progenitor (Zot:1)
  A nagaraja (Snake:4)
  A draconian knight (Zot:1)
  2 frost giants (Vaults:5)
  2 fire giants
  A draconian monk (Zot:4)
  2 draconian scorchers
  3 deep elf sorcerers
  6 vault wardens
  2 draconian shifters
  A ghoul (Crypt:1)
  An iron dragon (Depths:3)
  A curse skull (Crypt:1)
  5 draconian stormcallers
  2 angels (Depths:2)
  3 draconian annihilators
  3 deep elf demonologists
  8 ironbound preservers
  2 ironbound thunderhulks (Vaults:3)
  14 very ugly things
  6 stone giants
  A vampire knight (Vaults:2)
  4 yellow draconians
  A deep elf annihilator (Vaults:5)
  2 eleionomae
  2 dire elephants (Vaults:1)
  5 red draconians
  4 white draconians
  3 war gargoyles
  3 purple draconians
  2 fire dragons
  2 entropy weavers (Vaults:3)
  7 jiangshi
  A deep elf high priest (Vaults:5)
  6 ettins
  3 yaktaur captains (Vaults:5)
  A salamander tyrant (Snake:4)
  Josephine (Orc:1)
  2 great orbs of eyes
  2 spriggan air magi
  A hell beast (Zot:5)
  3 ice dragons
  29 vault guards
  2 peacekeepers
  An alligator (Swamp:3)
  A centaur warrior (D:15)
  2 anacondas (Snake:2)
  The ghost of Etzysuoth the Martial Artist, a journeyman DsWr of Qazlal (D:12)
  5 ironbound frosthearts
  An ogre mage (Vaults:5)
  A bennu skeleton (Crypt:1)
  2 orc high priests (Orc:2)
  2 two-headed ogres (Vaults:5)
  A deep troll shaman (Depths:4)
  2 shock serpents (Snake:4)
  4 deep troll earth magi
  2 spriggan berserkers
  3 tengu warriors
  6 vampire magi
  A thrashing horror (Lair:5)
  A deep elf knight (Elf:1)
  8 iron trolls
  8 skeletal warriors
  14 deep trolls
  A sixfirhy (Zot:4)
  A skyshark (Lair:2)
  A mana viper (Snake:4)
  A salamander mystic (Snake:4)
  A bunyip zombie (Crypt:1)
  An anaconda zombie (Crypt:2)
  A glowing orange brain (Vaults:3)
  A spark wasp zombie (Depths:2)
  A spriggan druid (Swamp:2)
  2 cherubim (Depths:2)
  4 phantasmal warriors
  An arcanist (Vaults:1)
  A flayed ghost (Crypt:2)
  A naga ritualist (Snake:2)
  2 deep elf archers
  5 lindwurms
  3 orc knights
  9 ironbound convokers
  4 deep elf zephyrmancers
  3 deep elf pyromancers
  An iron dragon zombie (Crypt:2)
  4 necromancers
  A jorogumo skeleton (Crypt:2)
  3 harpies
  3 moths of wrath (Zot:2)
  14 ugly things
  10 nameless horrors
  2 salamanders
  2 guardian serpents
  8 black mambas
  7 vault sentinels
  An elephant (Lair:3)
  An alligator snapping turtle zombie (Crypt:1)
  3 naga magi
  Joseph (D:7)
  Maggie (D:7)
  A hellion (Zot:2)
  Jeremiah (D:7)
  A freezing wraith (Crypt:1)
  3 yaktaurs
  4 guardian mummies (Crypt:1)
  2 tengu conjurers (Depths:2)
  An orc skeleton (Crypt:2)
  2 polar bears (Lair:5)
  A harpy zombie (Crypt:1)
  A troll (Orc:2)
  An ice dragon zombie (Crypt:1)
  An iron dragon simulacrum (Depths:2)
  6 blink frogs
  A radroach zombie (Crypt:2)
  3 hornets
  A tyrant leech (Zot:1)
  A wind drake (shapeshifter) (Vaults:5)
  A frost giant simulacrum (Depths:2)
  2 spriggan zombies (Depths:2)
  Sigmund (D:4)
  5 slime creatures
  9 yaks
  3 water elementals
  2 spriggans
  2 shadows
  3 wraiths
  2 basilisks
  A hog (D:12)
  A neqoxec (Depths:1)
  A golden eye (shapeshifter) (Elf:1)
  2 redbacks (Vaults:3)
  3 nagas
  Menkaure (D:4)
  2 swamp worms (Swamp:3)
  A cane toad skeleton (Crypt:2)
  A sky beast (D:8)
  12 orc warriors
  An ice beast (D:7)
  7 ogres
  3 centaurs
  2 wolves (Lair:2)
  A blink frog zombie (Crypt:2)
  A phantom (D:5)
  A yaktaur zombie (Crypt:1)
  A kobold brigand (D:9)
  A gnoll sergeant (D:5)
  10 bullfrogs
  2 necrophages (Crypt:1)
  A two-headed ogre simulacrum (IceCv)
  2 scorpions (D:6)
  A warg skeleton (Crypt:1)
  9 wights
  10 killer bees
  A howler monkey (D:5)
  An electric eel (Elf:3)
  A human zombie (Crypt:1)
  A bombardier beetle (D:4)
  13 orc priests
  3 hounds
  A sleepcap (D:5)
  2 hell rats (Lair:3)
  5 iguanas
  13 orc wizards
  5 gnolls
  6 adders
  A shadow imp (D:7)
  8 white imps (Lair:2)
  3 ufetubi (D:5)
  3 ribbon worms
  A dart slug (D:1)
  36 orcs
  14 ball pythons
  4 endoplasms
  3 giant cockroaches
  9 goblins
  7 hobgoblins
  7 jackals
  8 kobolds
  4 quokkas
  2 bats
  2 frilled lizards
  8 rats
679 creatures vanquished.

Vanquished Creatures (collateral kills)
  A dread lich (Zot:5)
  An ancient lich (Zot:5)
  4 orbs of fire (Zot:5)
  A juggernaut (Depths:3)
  Xtahua (Crypt:1)
  A caustic shrike (Depths:2)
  2 curse toes (Zot:3)
  Vashnia (Snake:3)
  6 golden dragons
  Nikola (Snake:4)
  2 bone dragons (Depths:4)
  2 pearl dragons (Depths:1)
  2 electric golems (Zot:5)
  A Tzitzimitl (Zot:1)
  Zenata (Vaults:4)
  Jorgrun (D:14)
  Mlioglotl (Snake:4)
  3 liches (Depths:2)
  3 quicksilver dragons
  2 deep elf master archers (Elf:3)
  2 titans (Vaults:5)
  9 tentacled monstrosities
  2 deep elf blademasters (Elf:3)
  17 Orb Guardians
  A sphinx (Depths:1)
  Kirke (D:12)
  4 death cobs
  2 ancient champions (Crypt:1)
  A tengu reaver (Depths:4)
  4 shadow dragons
  5 nagarajas (Snake:4)
  2 protean progenitors
  A fenstrider witch (Swamp:4)
  Roxanne (Elf:2)
  6 storm dragons
  4 draconian shifters
  7 fire giants
  2 draconian knights
  4 frost giants
  2 iron dragons (Depths:2)
  3 deep elf sorcerers
  12 vault wardens
  A ghost moth (Zot:4)
  6 draconian scorchers
  A reaper (IceCv)
  2 deep elf elementalists (Elf:3)
  An angel (Depths:1)
  3 spectral caustic shrikes (Depths:4)
  The ghost of Ciezan the Brawler, a journeyman TrGl of Okawaru (D:14)
  A draconian stormcaller (Zot:5)
  A formless jellyfish (Vaults:2)
  10 ironbound preservers
  2 cacodemons (Depths:2)
  6 very ugly things
  2 draconian annihilators
  2 orc warlords
  An ophan (Depths:1)
  A ghoul (Crypt:1)
  10 stone giants
  4 deep elf demonologists (Elf:3)
  An apis (Depths:1)
  3 ironbound thunderhulks
  10 green draconians
  A minotaur (Gauntlet)
  3 yellow draconians
  3 deep elf death magi (Elf:3)
  11 black draconians
  7 eleionomae
  5 purple draconians
  A white draconian (Zot:1)
  3 war gargoyles
  7 dire elephants
  Azrael (Orc:2)
  8 red draconians
  5 bunyips
  3 deep elf annihilators
  An eidolon (Crypt:1)
  Snorg (D:10)
  4 ettins
  2 shambling mangroves
  2 green deaths (Snake:1)
  A merfolk javelineer (Depths:3)
  2 deep elf high priests (Elf:3)
  A blizzard demon (Depths:1)
  7 yaktaur captains
  5 jiangshi
  Fannar (Orc:1)
  An entropy weaver (shapeshifter) (Lair:5)
  A fire dragon (Depths:3)
  2 entropy weavers
  3 great orbs of eyes
  16 vault guards
  A peacekeeper (Vaults:3)
  A sphinx zombie (Depths:2)
  3 ice dragons
  A rakshasa (Depths:1)
  16 hydras
  2 demonspawn (Orc:2)
  5 alligators
  7 ironbound frosthearts
  9 anacondas
  5 two-headed ogres
  A ghost crab (Gauntlet)
  6 salamander tyrants
  An ogre mage (Vaults:1)
  2 catoblepae (Lair:3)
  2 boulder beetles
  A spriggan air mage (Depths:4)
  5 centaur warriors
  7 deep troll earth magi
  Erica (D:11)
  A sphinx skeleton (Crypt:1)
  3 tengu warriors
  7 naga warriors
  2 deep troll shamans
  2 vampire magi (Crypt:1)
  14 dancing weapons
  A spriggan berserker (Swamp:3)
  An occultist (Depths:2)
  Urug (Orc:2)
  5 hell knights
  17 deep elf knights
  12 naga sharpshooters
  6 orc high priests
  2 thrashing horrors (Lair:5)
  A shock serpent (Snake:2)
  3 soul eaters
  3 skysharks
  A sixfirhy (Depths:2)
  13 salamander mystics
  13 skeletal warriors
  8 goliath frogs
  2 iron trolls (Depths:1)
  2 cherubim (Depths:2)
  Lodul (D:14)
  3 large abominations (Lair:5)
  7 spriggan druids
  2 flayed ghosts
  A death drake (Swamp:2)
  25 deep trolls
  8 arcanists
  2 glowing orange brains
  8 swamp dragons
  8 lindwurms
  11 naga ritualists
  16 deep elf archers
  11 mana vipers
  2 bog bodies (Swamp:2)
  An iron giant skeleton (Crypt:1)
  7 ironbound convokers
  12 orc knights
  2 phantasmal warriors (Vaults:5)
  2 necromancers
  17 deep elf zephyrmancers
  28 deep elf pyromancers
  A fire giant zombie (Depths:2)
  8 orc sorcerers
  29 salamanders
  6 harpies
  7 will-o-the-wisps
  4 cyclopes
  13 moths of wrath
  30 ugly things
  6 guardian serpents
  A manticore (shapeshifter) (Vaults:5)
  3 manticores
  29 black mambas
  11 vault sentinels
  13 naga magi
  A smoke demon (Lair:5)
  3 kobold blastminers (Orc:2)
  7 elephants
  3 water nymphs (shapeshifter)
  An eye of devastation (shapeshifter) (Vaults:5)
  An orange demon (Orc:2)
  15 cane toads
  3 hellions
  A torpor snail (Lair:1)
  4 freezing wraiths
  A rime drake (Lair:1)
  7 yaktaurs
  A red devil (Zot:2)
  A wolf spider (shapeshifter) (Vaults:5)
  An efreet (D:15)
  6 ice devils
  3 tengu conjurers (Depths:1)
  An alligator snapping turtle skeleton (Crypt:2)
  A golden dragon simulacrum (Depths:2)
  10 komodo dragons
  A tormentor (D:13)
  Psyche (D:10)
  4 trolls
  7 tyrant leeches
  A tarantella (Vaults:3)
  16 hornets
  15 blink frogs
  A stone giant simulacrum (Depths:2)
  5 dream sheep (Lair:3)
  A raiju (Lair:5)
  17 slime creatures
  3 wraiths
  A jumping spider (Vaults:3)
  3 air elementals
  A shadow (D:12)
  3 wyverns
  A vampire (D:12)
  8 spriggans
  3 ynoxinuls
  2 hogs (D:12)
  11 water elementals
  3 fire elementals
  5 basilisks
  48 yaks
  16 nameless horrors
  2 redbacks (Vaults:3)
  A basilisk (shapeshifter) (Lair:5)
  4 wargs
  A redback (shapeshifter) (Depths:4)
  12 vampire mosquitoes
  3 chaos spawn
  A death yak simulacrum (IceCv)
  A harpy simulacrum (IceCv)
  41 nagas
  12 swamp worms
  3 acid dragons
  4 hell hounds
  5 water moccasins
  Duvessa (D:4)
  A hydra simulacrum (IceCv)
  10 swamp drakes
  A sky beast (D:7)
  A sky beast (shapeshifter) (D:13)
  2 black bears
  23 orc warriors
  11 ogres
  8 wolves
  2 kobold brigands (D:12)
  Blork the orc (D:4)
  A brain worm (shapeshifter) (Elf:3)
  6 bullfrogs
  2 cane toad simulacra (IceCv)
  4 earth elementals
  11 small abominations (Lair:5)
  A wight (D:9)
  3 two-headed ogre simulacra (IceCv)
  Dowan (D:4)
  An elephant simulacrum (IceCv)
  A killer bee (D:10)
  2 electric eels
  A howler monkey (D:13)
  2 lava snakes (Snake:4)
  A jelly (D:6)
  2 bombardier beetles
  12 orc priests
  A gnoll bouda (D:8)
  13 orc wizards
  5 hell rats (Lair:3)
  A polar bear simulacrum (IceCv)
  2 spriggan simulacra (IceCv)
  A troll simulacrum (IceCv)
  A wolf simulacrum (IceCv)
  6 gnolls
  A naga simulacrum (IceCv)
  6 white imps
  3 ufetubi (IceCv)
  30 orcs
  A jackal (D:4)
  A ball python skeleton (Crypt:1)
  4 kobolds (D:9)
  An aspiring flesh (Zot:4)
  A spectral weapon (Lair:2)
1365 creatures vanquished.

Vanquished Creatures (others)
  A dread lich (Zot:5)
  2 ancient liches (Zot:5)
  3 orbs of fire (Zot:5)
  2 Killer Klowns (Zot:5)
  9 Orb Guardians (Zot:5)
  A storm dragon (Zot:5)
  A draconian monk (Zot:4)
  A draconian scorcher (Zot:5)
  A spriggan defender (Depths:3)
  An ironbound preserver (Vaults:5)
  2 green draconians (Zot:5)
  An eleionoma (Swamp:4)
  A purple draconian (Zot:5)
  A vault guard (Vaults:5)
  A hydra (Swamp:4)
  An occultist (D:15)
  A deep elf knight (Elf:1)
  Sonja (Lair:3)
  A glowing orange brain (shapeshifter) (Vaults:5)
  Ijyb (D:4)
  22 foxfires
55 creatures vanquished.

Grand Total: 2099 creatures vanquished

Notes
Turn   | Place    | Note
-------+----------+-------------------------------------------
     0 | D:1      | ragingrage the Octopode Artificer began the quest for the
                  | Orb.
     0 | D:1      | Reached XP level 1. HP: 13/13 MP: 1/1
    80 | D:1      | Reached XP level 2. HP: 18/18 MP: 2/2
   457 | D:1      | Reached XP level 3. HP: 24/24 MP: 3/3
   812 | D:1      | Got the Almanac of Tinctures and the Congregation
   869 | D:1      | Found a faded altar of an unknown god.
  1249 | D:2      | You fall into a shaft and drop 2 floors!
  1290 | D:4      | Found an opulent altar of Gozag.
  1296 | D:4      | Noticed Ijyb
  1298 | D:4      | Became a worshipper of Gozag Ym Sagoz the Greedy
  1313 | D:4      | Reached XP level 4. HP: 28/29 MP: 4/4
  1325 | D:4      | Noticed Menkaure
  1326 | D:4      | Identified the +8 spear of the Gloaming {chaos, rF+}
  1335 | D:4      | Your ally Ijyb died
  1337 | D:4      | Killed Menkaure
  1338 | D:4      | Reached XP level 5. HP: 12/36 MP: 5/5
  1471 | D:4      | Noticed Duvessa
  1487 | D:4      | Reached XP level 6. HP: 42/42 MP: 6/6
  2698 | D:4      | Noticed Sigmund
  2710 | D:4      | Killed Sigmund
  2711 | D:4      | Reached XP level 7. HP: 47/47 MP: 7/7
  2864 | D:4      | Noticed Dowan
  3039 | D:5      | Entered Level 5 of the Dungeon
  3079 | D:5      | Found a staircase to the Ecumenical Temple.
  3108 | D:5      | Reached skill level 5 in Polearms
  3183 | D:5      | Found a burning altar of Makhleb.
  3228 | D:5      | Noticed a green death
  3330 | D:5      | Found a hazy altar of Hepliaklqana.
  3410 | D:5      | Reached skill level 5 in Fighting
  3431 | D:5      | Reached XP level 8. HP: 24/55 MP: 8/8
  3758 | D:3      | Identified a scroll of acquirement
  3760 | D:3      | Acquired the ring "Womeumut" {MP+9 Str-3 Int+5}
  3870 | D:4      | Found an ancient bone altar of Kikubaaqudgha.
  4086 | D:5      | Learned a level 3 spell: Summon Ice Beast
  4512 | D:6      | Reached skill level 1 in Summonings
  4512 | D:6      | Reached skill level 1 in Ice Magic
  4779 | D:6      | Reached skill level 2 in Summonings
  5151 | D:6      | Found a shimmering altar of Xom.
  5217 | D:6      | Found a glowing silver altar of Zin.
  5248 | D:6      | Reached skill level 3 in Summonings
  5248 | D:6      | Reached XP level 9. HP: 55/61 MP: 9/9
  5287 | D:6      | Reached skill level 4 in Summonings
  5373 | D:6      | Found Oleduj's Antique Weapon Shop.
  5738 | D:7      | Reached skill level 5 in Summonings
  5835 | D:7      | Learned a level 5 spell: Summon Mana Viper
  5861 | D:7      | Noticed Maggie
  5935 | D:7      | Killed Maggie
  5936 | D:7      | Reached skill level 6 in Summonings
  6250 | D:7      | Found a white marble altar of Elyvilon.
  6265 | D:7      | Noticed Jeremiah
  6639 | D:7      | Reached skill level 7 in Summonings
  7029 | D:8      | Reached skill level 1 in Spellcasting
  7228 | D:8      | Found Igecwu Zagh's Gadget Gallery.
  7249 | D:8      | Bought a tin of tremorstones (2/2) for 640 gold pieces
  7296 | D:8      | Reached XP level 10. HP: 45/66 MP: 12/12
  7411 | D:8      | Paralysed by a hornet for 1 turns
  7857 | D:8      | Reached skill level 8 in Summonings
  7914 | D:8      | Reached skill level 9 in Summonings
  8002 | D:8      | Learned a level 6 spell: Summon Cactus Giant
  8072 | D:8      | Found Orie's Antique Armour Emporium.
  8213 | D:8      | Found a hide-covered altar of Uskayaw.
  9131 | D:9      | Reached skill level 10 in Summonings
  9417 | D:9      | Noticed a two-headed ogre
  9442 | D:9      | Killed a two-headed ogre
  9611 | D:9      | Reached skill level 11 in Summonings
  9786 | D:9      | Noticed a nameless horror
 10596 | D:10     | Entered Level 10 of the Dungeon
 10642 | D:10     | Reached XP level 11. HP: 71/71 MP: 15/15
 10696 | D:10     | Reached skill level 12 in Summonings
 10833 | D:10     | Noticed Snorg
 10992 | D:10     | Noticed a moth of wrath
 10995 | D:10     | Found a bloodstained altar of Trog.
 11086 | D:10     | Noticed Psyche
 11091 | D:10     | Killed Psyche
 11252 | D:10     | Found a staircase to the Lair.
 11561 | D:10     | Killed Snorg
 11562 | D:10     | Reached skill level 13 in Summonings
 12155 | D:11     | Noticed Erica
 12162 | D:11     | Killed Erica
 12163 | D:11     | Reached skill level 14 in Summonings
 12253 | D:11     | Noticed a manticore
 12257 | D:11     | Killed a manticore
 12533 | D:11     | Reached XP level 12. HP: 77/77 MP: 16/17
 12963 | D:12     | Found a staircase to the Orcish Mines.
 13270 | D:12     | Noticed Kirke
 13279 | D:12     | Killed Kirke
 13715 | D:12     | Reached skill level 5 in Dodging
 13750 | D:12     | Found a runed translucent gate.
 13751 | D:12     | Found a runed translucent gate.
 13752 | D:12     | Noticed a ten-headed hydra
 13752 | D:12     | Noticed Etzysuoth's ghost (journeyman DsWr)
 13752 | D:12     | Noticed a 12-headed hydra
 13766 | D:12     | Reached skill level 5 in Spellcasting
 14282 | D:12     | Found a runed translucent gate.
 14879 | D:7      | Noticed Joseph
 14889 | D:7      | Killed Joseph
 15144 | D:4      | Noticed Blork the orc
 15151 | D:4      | Killed Blork the orc
 15365 | D:4      | Killed Dowan
 15540 | D:4      | Found an ancient bone altar of Kikubaaqudgha.
 15582 | D:4      | Killed Duvessa
 15693 | D:7      | Identified the +8 plate armour "Erghatemy" {Will- Int+7}
 15862 | D:7      | Found a white marble altar of Elyvilon.
 15935 | D:7      | Killed Jeremiah
 16394 | Lair:1   | Entered Level 1 of the Lair of Beasts
 16400 | Lair:1   | Learned a level 4 spell: Olgreb's Toxic Radiance
 16462 | Lair:1   | Reached skill level 1 in Alchemy
 16490 | Lair:1   | Reached skill level 1 in Shields
 16654 | Lair:1   | Noticed a skyshark
 16682 | Lair:1   | Killed a skyshark
 16683 | Lair:1   | Reached skill level 5 in Hexes
 16686 | Lair:1   | Reached XP level 13. HP: 87/88 MP: 10/20
 17477 | Lair:1   | Reached skill level 5 in Alchemy
 18061 | Lair:2   | Found a frozen archway.
 18137 | IceCv    | Entered an ice cave
 18917 | IceCv    | Noticed a reaper
 19716 | IceCv    | Killed a reaper
 20766 | Lair:2   | You fall into a shaft and drop 2 floors!
 21159 | Lair:4   | Noticed Nessos
 21466 | Lair:3   | Noticed Sonja
 21481 | Lair:3   | Your ally Sonja died
 21484 | Lair:3   | Reached skill level 5 in Evocations
 21549 | Lair:3   | Reached XP level 14. HP: 85/97 MP: 12/23
 22388 | Lair:3   | Found a staircase to the Snake Pit.
 23468 | Lair:2   | Found a staircase to the Swamp.
 24450 | Lair:5   | Entered Level 5 of the Lair of Beasts
 24960 | Lair:5   | Reached skill level 10 in Fighting
 25756 | Lair:5   | Found a corrupted altar of Lugonu.
 25756 | Lair:5   | Found a one-way gate to the infinite horrors of the Abyss.
 25767 | Lair:5   | Reached skill level 15 in Summonings
 27188 | Orc:1    | Entered Level 1 of the Orcish Mines
 27253 | Orc:1    | Found Hext's General Store.
 27308 | Orc:1    | Bought a wand of polymorph (2) for 30 gold pieces
 27308 | Orc:1    | Bought a potion of attraction for 33 gold pieces
 27308 | Orc:1    | Bought a scroll of identify for 22 gold pieces
 27327 | Orc:1    | Found Fuaxal's Magic Scroll Emporium.
 27365 | Orc:2    | Entered Level 2 of the Orcish Mines
 27365 | Orc:2    | Noticed Azrael
 27546 | Orc:2    | Found a gate leading to a gauntlet.
 27582 | Gauntlet | Entered a Gauntlet
 27582 | Gauntlet | Found a transporter.
 27582 | Gauntlet | Found a transporter.
 27583 | Gauntlet | Found a transporter.
 27583 | Gauntlet | Found a transporter.
 27586 | Gauntlet | Found a transporter.
 27586 | Gauntlet | Found a transporter.
 27596 | Gauntlet | Found a transporter.
 27600 | Gauntlet | Found a transporter.
 27606 | Gauntlet | Noticed a dire elephant
 27615 | Gauntlet | Found a transporter.
 27711 | Gauntlet | Found a transporter.
 27715 | Gauntlet | Found a transporter.
 27725 | Gauntlet | Found a transporter.
 27904 | Gauntlet | Reached XP level 15. HP: 95/106 MP: 25/27
 27964 | Gauntlet | Identified the ring "Imnah" {EV+5 Str+6}
 28023 | Gauntlet | Reached skill level 10 in Dodging
 28042 | Gauntlet | Got the Volume of Kindling and Invitation
 28158 | Orc:2    | Found a staircase to the Elven Halls.
 28237 | Orc:2    | Killed Azrael
 28238 | Orc:2    | Reached skill level 1 in Conjurations
 28409 | Orc:2    | Noticed Saint Roka
 29183 | Orc:2    | Found Illetin's General Store.
 29244 | Orc:2    | Found Dual's Distillery.
 29310 | Orc:2    | Noticed Urug
 29320 | Orc:2    | Killed Urug
 29548 | Orc:2    | Learned a level 5 spell: Irradiate
 30533 | Orc:2    | Found Gaz Ekah's Book Shop.
 30533 | Orc:2    | Found Nunakos's Antique Weapon Boutique.
 30534 | Orc:2    | Found a one-way gate leading to the halls of Pandemonium.
 30715 | Orc:1    | Noticed Josephine
 31079 | D:13     | Reached skill level 5 in Conjurations
 31670 | D:14     | Found a transporter.
 31681 | D:14     | Noticed Ciezan's ghost (journeyman TrGl)
 31683 | D:14     | Found a transporter.
 31689 | D:14     | Found a bloodstained altar of Trog.
 31932 | D:14     | Found a gate to the Vaults.
 32297 | D:14     | Noticed Jorgrun
 32327 | D:14     | Found a sacrificial altar of Ru.
 32423 | D:14     | Reached XP level 16. HP: 114/114 MP: 28/28
 32528 | D:13     | Upgraded the game from 0.31-a0-1589-g8f5e8aebd6 to
                  | 0.31-a0-1591-g515db51633
 32607 | D:14     | Killed Jorgrun
 32664 | D:14     | Noticed Lodul
 32677 | D:14     | Killed Lodul
 33548 | D:15     | Entered Level 15 of the Dungeon
 33887 | D:15     | Found a staircase to the Depths.
 34675 | D:14     | Learned a level 7 spell: Monstrous Menagerie
 34864 | Snake:1  | Entered Level 1 of the Snake Pit
 34864 | Snake:1  | Found a bloodstained altar of Trog.
 34929 | Snake:1  | Found Eruzehoh's Distillery.
 34950 | Snake:1  | Bought a potion of heal wounds for 85 gold pieces
 34950 | Snake:1  | Bought a potion of haste for 170 gold pieces
 35889 | Snake:1  | Found a runed translucent door.
 36956 | Snake:2  | Reached skill level 10 in Alchemy
 37105 | Snake:2  | Found Suym's Armour Shoppe.
 37105 | Snake:2  | Found Cumm's Antique Armour Emporium.
 37424 | Snake:2  | Reached XP level 17. HP: 88/122 MP: 29/30
 37650 | Snake:2  | Reached skill level 16 in Summonings
 39416 | Snake:3  | Reached skill level 17 in Summonings
 39615 | Snake:3  | Noticed Vashnia
 40234 | Snake:3  | Reached skill level 1 in Shapeshifting
 41394 | Swamp:1  | Entered Level 1 of the Swamp
 41494 | Swamp:1  | Found a bloodstained altar of Trog.
 41600 | Swamp:1  | Learned a level 4 spell: Martyr's Knell
 41628 | Swamp:1  | Reached skill level 5 in Shields
 42649 | Swamp:2  | Reached skill level 1 in Necromancy
 43730 | Swamp:3  | Noticed a tentacled monstrosity
 43914 | Swamp:2  | Reached skill level 18 in Summonings
 44217 | Swamp:2  | Reached XP level 18. HP: 127/128 MP: 31/31
 44389 | Swamp:3  | Killed a tentacled monstrosity
 45116 | Swamp:4  | Entered Level 4 of the Swamp
 45956 | Swamp:4  | Reached skill level 5 in Shapeshifting
 46250 | Swamp:4  | Got a decaying rune of Zot
 46824 | Snake:3  | Killed Vashnia
 47318 | Snake:4  | Entered Level 4 of the Snake Pit
 47416 | Snake:4  | Noticed Nikola
 48025 | D:12     | Killed Etzysuoth's ghost
 48783 | Elf:1    | Entered Level 1 of the Elven Halls
 49070 | Elf:1    | Reached skill level 10 in Shields
 50062 | Elf:1    | Reached XP level 19. HP: 134/134 MP: 28/32
 50534 | Elf:1    | Bought the ring "Imaoroq" {rPois rF+ rC+ Slay-5} for 475
                  | gold pieces
 50584 | Elf:2    | Reached skill level 10 in Shapeshifting
 51167 | Elf:2    | Paralysed by an air elemental for 1 turns
 51351 | Elf:2    | Noticed Roxanne
 51655 | Elf:2    | Killed Roxanne
 51790 | Elf:2    | Found a runed translucent gate.
 51790 | Elf:2    | Found a runed translucent gate.
 51791 | Elf:2    | Found a runed translucent gate.
 51900 | Elf:3    | Entered Level 3 of the Elven Halls
 51950 | Elf:3    | Found Baloraab's Antique Weapon Shop.
 51957 | Elf:3    | Found Iblait's Distillery.
 52080 | Elf:3    | Bought a potion of heal wounds for 85 gold pieces
 52080 | Elf:3    | Bought a potion of cancellation for 136 gold pieces
 52101 | Elf:3    | Found an ancient bone altar of Kikubaaqudgha.
 52231 | Elf:3    | Found Riunat's Antique Armour Shoppe.
 53119 | Elf:3    | Found Ibloshre's Antique Weapon Shoppe.
 53232 | Elf:3    | Found Hadwiz Dime's Distillery.
 53801 | Elf:3    | Identified the +3 leather armour "Durox" {Fly rN+}
 53801 | Elf:3    | Identified the ring "Qeralokk" {Fly rPois rC- Will+ Slay+2}
 56137 | Elf:3    | Identified the +4 broad axe "Voshiemo" {speed, Dex+3}
 56722 | Elf:3    | Identified the ring "Tageon" {Dex+3 Slay+4}
 57060 | Elf:3    | Identified the +10 quarterstaff of Plunder {freeze, Fly rC-
                  | rN+++ Str+3}
 57103 | Elf:3    | Identified the ring "Mesuec" {EV+5 Dex+3}
 57746 | Elf:3    | Identified the +7 dagger "Tocsetuk" {elec, *Rage Str+2
                  | Int+3}
 57834 | Elf:3    | Got Ranin's Cyclopedia of Reformation and Darkness
 57839 | Elf:3    | Got the Quarto of the Excruciating Tektite
 58276 | Snake:4  | Killed Nikola
 58386 | Snake:4  | Reached XP level 20. HP: 140/140 MP: 26/33
 58679 | Snake:4  | Noticed Mlioglotl
 58687 | Snake:4  | Killed Mlioglotl
 58852 | Snake:4  | Found Douptao's Armour Boutique.
 58888 | Snake:4  | Reached skill level 15 in Shapeshifting
 60024 | Snake:4  | Got a serpentine rune of Zot
 60517 | Vaults:1 | Entered Level 1 of the Vaults
 60886 | Elf:1    | Bought the ring "Kaassy" {Will+ Slay+2} for 767 gold pieces
 61210 | Vaults:1 | Found Vugataxt's Weapon Emporium.
 62365 | Vaults:2 | Reached XP level 21. HP: 146/146 MP: 22/34
 62466 | Vaults:2 | Found Pello's Book Emporium.
 63546 | Vaults:2 | Bought the Omnibus of the Familiar and the Blink Frog for
                  | 320 gold pieces
 63546 | Vaults:2 | Bought a book of Spatial Translocations for 180 gold pieces
 63549 | Vaults:2 | Learned a level 2 spell: Blink
 63704 | Vaults:2 | Found a staircase to the Crypt.
 65928 | Vaults:4 | Reached skill level 19 in Summonings
 66030 | Vaults:4 | Reached skill level 5 in Necromancy
 66273 | Vaults:4 | Noticed Zenata
 66278 | Vaults:4 | Killed Zenata
 66284 | Vaults:4 | Reached XP level 22. HP: 133/155 MP: 20/35
 66990 | Depths:1 | Entered Level 1 of the Depths
 67033 | Depths:1 | Found Iraptil's Assorted Antiques.
 67158 | Depths:1 | Reached skill level 15 in Fighting
 67583 | Depths:1 | Found a glowing golden altar of the Shining One.
 67583 | Depths:1 | Found a glowing silver altar of Zin.
 67583 | Depths:1 | Found a white marble altar of Elyvilon.
 67791 | Depths:1 | Reached skill level 10 in Polearms
 68144 | Depths:1 | Found a stormy altar of Qazlal.
 68247 | Depths:1 | Found a gateway to Hell.
 68445 | Depths:2 | Found a white marble altar of Elyvilon.
 68950 | Depths:2 | Reached skill level 10 in Spellcasting
 69351 | Depths:2 | Noticed a caustic shrike
 70267 | Depths:3 | Noticed a juggernaut
 70284 | Depths:2 | Killed a caustic shrike
 70285 | Depths:2 | Reached XP level 23. HP: 137/162 MP: 24/37
 70288 | Depths:2 | Reached skill level 20 in Summonings
 70450 | Depths:3 | Learned a level 7 spell: Haunt
 70477 | Depths:3 | Noticed a golden dragon
 70484 | Depths:3 | Killed a golden dragon
 70492 | Depths:3 | Noticed a golden dragon
 70500 | Depths:3 | Killed a golden dragon
 70857 | Depths:3 | Found a one-way gateway to a ziggurat.
 70862 | Depths:3 | Found a sparkling altar of Nemelex Xobeh.
 70953 | Depths:3 | Killed a juggernaut
 71426 | Depths:4 | Entered Level 4 of the Depths
 71551 | Depths:4 | Found a corrupted altar of Lugonu.
 72096 | Depths:4 | Found a gate to the Realm of Zot.
 72166 | Depths:4 | Found a glowing silver altar of Zin.
 72166 | Depths:4 | Found a glowing golden altar of the Shining One.
 72167 | Depths:4 | Found a white marble altar of Elyvilon.
 72254 | Depths:4 | Identified the orb "Iffajuh" {light, Dex+3}
 72254 | Depths:4 | Noticed Frederick
 72264 | Depths:4 | Killed Frederick
 72527 | Depths:4 | Found a runed translucent gate.
 72527 | Depths:4 | Found a runed translucent gate.
 72528 | Depths:4 | Found a runed translucent gate.
 72529 | Depths:4 | Noticed Jajuenucs's ghost (veteran GnWn)
 72529 | Depths:4 | Noticed Cyommoer's ghost (adept DEHW)
 73376 | Orc:2    | Bought a book of Battle for 364 gold pieces
 73479 | Orc:2    | Killed Saint Roka
 73777 | Orc:1    | Noticed Fannar
 73788 | Orc:1    | Killed Fannar
 73789 | Orc:1    | Reached skill level 21 in Summonings
 73869 | Orc:1    | Found Beisen's Book Emporium.
 73957 | Orc:1    | Killed Josephine
 74160 | Orc:2    | Learned a level 3 spell: Fugue of the Fallen
 74450 | Vaults:5 | Entered Level 5 of the Vaults
 74457 | Vaults:5 | Noticed a golden dragon
 74486 | Vaults:5 | Killed a golden dragon
 74509 | Vaults:5 | Reached skill level 22 in Summonings
 74509 | Vaults:5 | Reached XP level 24. HP: 154/169 MP: 22/39
 74664 | Vaults:5 | Noticed an ancient lich
 74664 | Vaults:5 | Noticed a dread lich
 74683 | Vaults:4 | Killed a dread lich
 74913 | Vaults:4 | Killed an ancient lich
 75177 | Vaults:5 | Identified the +9 spear "Boucaath" {flame, Str+4}
 75225 | Vaults:5 | Reached skill level 5 in Stealth
 75238 | Vaults:5 | Identified the +5 scimitar "Qoukays" {venom, Dex+4}
 75506 | Vaults:5 | Noticed a dread lich
 75518 | Vaults:5 | Killed a dread lich
 75522 | Vaults:5 | Reached skill level 23 in Summonings
 75659 | Vaults:5 | Found Soippueg's Antique Weapon Shop.
 75663 | Vaults:5 | Noticed a dread lich
 75670 | Vaults:5 | Killed a dread lich
 76217 | Vaults:5 | Got a silver rune of Zot
 76814 | Crypt:1  | Entered Level 1 of the Crypt
 77472 | Crypt:1  | Found a basalt altar of Yredelemnul.
 77936 | Crypt:1  | Noticed Xtahua
 77946 | Crypt:1  | Killed Xtahua
 78068 | Crypt:2  | Reached XP level 25. HP: 174/174 MP: 39/39
 78121 | Crypt:2  | Identified the +1 flail "Xiall" {speed, ^Drain Fly rN+}
 78171 | Crypt:2  | Noticed Boris
 78190 | Crypt:2  | Killed Boris
 78790 | Vaults:4 | Learned a level 7 spell: Summon Hydra
 79035 | Orc:1    | Bought a scroll of amnesia for 48 gold pieces
 79035 | Orc:1    | Bought a scroll of fear for 48 gold pieces
 79035 | Orc:1    | Bought a scroll of teleportation for 36 gold pieces
 79035 | Orc:1    | Bought a scroll of revelation for 90 gold pieces
 79035 | Orc:1    | Bought a scroll of teleportation for 36 gold pieces
 79257 | D:14     | Killed Ciezan's ghost
 79828 | Zot:1    | Entered Level 1 of the Realm of Zot
 81179 | Zot:2    | Identified the +9 scale mail "Racargh" {Int+3}
 81267 | Zot:4    | Reached skill level 15 in Dodging
 82369 | Zot:3    | Reached skill level 24 in Summonings
 82673 | Zot:4    | Gained mutation: You sometimes lose your temper in combat.
                  | [mutagenic glow]
 83198 | Zot:3    | Identified the +7 scimitar "Oqasipsu" {venom, rF+}
 83324 | Zot:4    | Lost mutation: You sometimes lose your temper in combat.
                  | [potion of mutation]
 83324 | Zot:4    | Gained mutation: Your natural rate of healing is unusually
                  | fast. [potion of mutation]
 83526 | Zot:3    | Found a burning altar of Makhleb.
 84015 | Zot:2    | Reached XP level 26. HP: 180/180 MP: 24/40
 84016 | Zot:2    | Reached skill level 25 in Summonings
 84026 | Zot:2    | Learned a level 9 spell: Dragon's Call
 84439 | Zot:2    | Reached skill level 1 in Translocations
 85341 | Zot:5    | Entered Level 5 of the Realm of Zot
 87234 | Zot:5    | Noticed a dread lich
 87293 | Zot:5    | Noticed an ancient lich
 87328 | Zot:5    | Killed an ancient lich
 87832 | Zot:5    | Reached skill level 26 in Summonings
 87883 | Zot:5    | Noticed an orb of fire
 87884 | Zot:5    | Gained mutation: Potions are less effective at restoring
                  | your health. [an orb of fire]
 87888 | Zot:5    | Lost mutation: Your natural rate of healing is unusually
                  | fast. [an orb of fire]
 87902 | Zot:5    | Noticed an orb of fire
 87914 | Zot:5    | Noticed an orb of fire
 87914 | Zot:5    | Noticed a dread lich
 87914 | Zot:5    | Noticed an ancient lich
 87917 | Zot:5    | Noticed an orb of fire
 87921 | Zot:5    | Noticed an orb of fire
 87922 | Zot:5    | Noticed an orb of fire
 87922 | Zot:5    | Noticed a Killer Klown
 87923 | Zot:5    | Noticed an ancient lich
 87924 | Zot:5    | Noticed an orb of fire
 87925 | Zot:5    | Gained mutation: Your body sometimes deteriorates upon
                  | taking damage. [an orb of fire]
 87931 | Zot:5    | Noticed a Killer Klown
 87935 | Zot:5    | Killed a Killer Klown
 87936 | Zot:5    | Noticed an orb of fire
 87940 | Zot:5    | Killed an ancient lich
 87954 | Zot:5    | Killed an orb of fire
 87959 | Zot:5    | Killed an orb of fire
 87999 | Zot:5    | Killed a Killer Klown
 88028 | Zot:5    | Killed an orb of fire
 88070 | Zot:5    | Killed an orb of fire
 88265 | Zot:5    | Gained mutation: Your spells are a little easier to cast,
                  | but a little less powerful. [an orb of fire]
 88267 | Zot:5    | Killed an orb of fire
 88279 | Zot:5    | Killed an ancient lich
 88365 | Zot:5    | Noticed an orb of fire
 88450 | Zot:5    | Killed a dread lich
 88535 | Zot:5    | Killed a dread lich
 88612 | Zot:5    | Gained mutation: You have a beak for a mouth. [an orb of
                  | fire]
 88619 | Zot:5    | Gained mutation: You occasionally lose the ability to drink
                  | potions when taking damage. [an orb of fire]
 88624 | Zot:5    | Killed an orb of fire
 88743 | Zot:5    | Lost mutation: Potions are less effective at restoring your
                  | health. [potion of mutation]
 88743 | Zot:5    | Lost mutation: Your spells are a little easier to cast, but
                  | a little less powerful. [potion of mutation]
 88743 | Zot:5    | Lost mutation: You have a beak for a mouth. [potion of
                  | mutation]
 88743 | Zot:5    | Gained mutation: You possess an exceptional clarity of
                  | mind. [potion of mutation]
 88743 | Zot:5    | Gained mutation: Your muscles are strong. (Str +4, Int/Dex
                  | -1) [potion of mutation]
 88743 | Zot:5    | Gained mutation: Your spells are a little harder to cast,
                  | but a little more powerful. [potion of mutation]
 88744 | Zot:5    | Lost mutation: You possess an exceptional clarity of mind.
                  | [potion of mutation]
 88744 | Zot:5    | Lost mutation: You occasionally lose the ability to drink
                  | potions when taking damage. [potion of mutation]
 88744 | Zot:5    | Lost mutation: Your spells are a little harder to cast, but
                  | a little more powerful. [potion of mutation]
 88744 | Zot:5    | Gained mutation: Your spells are a little harder to cast,
                  | but a little more powerful. [potion of mutation]
 88744 | Zot:5    | Gained mutation: Your magical capacity is low. (-10% MP)
                  | [potion of mutation]
 88744 | Zot:5    | Gained mutation: You passively map a small area around you.
                  | [potion of mutation]
 88745 | Zot:5    | Lost mutation: Your magical capacity is low. (-10% MP)
                  | [potion of mutation]
 88745 | Zot:5    | Lost mutation: Your spells are a little harder to cast, but
                  | a little more powerful. [potion of mutation]
 88745 | Zot:5    | Lost mutation: Your body sometimes deteriorates upon taking
                  | damage. [potion of mutation]
 88745 | Zot:5    | Gained mutation: You are strong-willed. (Will+) [potion of
                  | mutation]
 88745 | Zot:5    | Gained mutation: You are partially covered in iridescent
                  | scales. (AC +2) [potion of mutation]
 88745 | Zot:5    | Gained mutation: Your muscles are very strong. (Str +8,
                  | Int/Dex -2) [potion of mutation]
 88748 | Zot:5    | Got the Orb of Zot
 88979 | Depths:2 | Noticed a seraph
 89001 | Depths:1 | Noticed Ixkurig the pandemonium lord
 89017 | Depths:1 | Killed Ixkurig the pandemonium lord
 89359 | D:$      | Escaped with the Orb!

Illustrated notes

Levels and vault maps discovered:
D:1:      matt_arrival_refuge, layout_loops_corners,
          hellmonk_ecumenical_altar_pennies_from_heaven
D:2:      layout_rooms
D:3:      layout_loops_corners, minmay_hedge_maze, chequers_jeans
D:4:      layout_cave_pools, nicolae_gozag_cash_rules_everything_around_me,
          nicolae_overflow_crystal_walls, minmay_pentomino_pile, uniq_sigmund,
          uniq_ijyb, uniq_duvessa, uniq_blork_the_orc, uniq_menkaure
D:5:      minmay_inner_zag, layout_cave_pools, mainiacjoe_overflow_boulevard,
          makhleb_altar_promises_db, minmay_temple_entry_ruins
D:6:      layout_basic, general_overflow_altar, zin_scriptorium, serial_shops,
          shop
D:7:      layout_gridville, nicolae_elyvilon_peaceful_grove, uniq_jeremiah,
          uniq_maggie, uniq_joseph
D:8:      layout_basic, kennysheep_mini_moat, serial_shops,
          nicolae_shop_tiny_real_fake_doors, nicolae_shop_gadgets
D:9:      layout_basic, serial_co_window_serial, co_window_paths_b,
          co_window_of_opportunity_a, co_window_of_opportunity_a,
          co_window_of_opportunity_a, co_window_paths_a,
          co_window_unsneaky_path_e, co_window_unsneaky_path_d,
          co_window_of_opportunity_b, co_window_of_opportunity_b,
          co_window_broadway_c, co_window_broadway_b, co_window_4corner_b,
          co_window_sun, glass_columns_b, grunt_ministairs_12
D:10:     layout_roguey, tgw_trog, grunt_lair_entry_orc_guard_hut, uniq_snorg,
          uniq_psyche
D:11:     layout_loops_ring, reono_crystal_passage, kennysheep_nub, uniq_erica
D:12:     layout_gridville, erik_orc_3, gammafunk_ghost_hydra_chop, uniq_kirke
D:13:     layout_basic
D:14:     layout_cave_pods, erik_vaults_2, gammafunk_ghost_wrathful_warriors,
          lemuel_tele_altar, hangedman_abyss_or_decor_jellyfish_corner,
          serial_bayou_pond_b, uniq_jorgrun, uniq_lodul
D:15:     hellmonk_depths_entry_around_the_bend, layout_rooms,
          grunt_decor_arrowhead
Lair:1:   layout_cave_pods, minmay_shattered_shrine
Lair:2:   layout_chaotic_city, mainiacjoe_swamp_entry_angry_trees,
          portal_ice_cave_entry_imps, dreamdust_wasp_nest
Lair:3:   layout_misc_corridors, minmay_snake_entry_guardpost_small, uniq_sonja
Lair:4:   layout_regular_city, dpeg_slime_entry_enclosed, beast_lair_carwin_11,
          grunt_megastairs_2, serial_bayou_shore_a, uniq_nessos
Lair:5:   hellmonk_lair_end_abyssal_woods, layout_small_grid, wad_woods_06,
          serial_bayou_shore_b
Swamp:1:  layout_falls_marsh, lemuel_altar_in_water
Swamp:2:  layout_falls_marsh, hangedman_swamp_lotus, swamp_pool_1_2,
          nicolae_swamp_feature_on_the_river_bank, infiniplex_staircase_pool
Swamp:3:  layout_falls_marsh, nicolae_swamp_well_well_well
Swamp:4:  swamp, layout_basic_swamp, swamp_pool_1_2, nicolae_swamp_triple_paths
Snake:1:  cheibrodos_toxic_ritual, layout_basic, serial_shops, shop,
          basic_altar, lemuel_fruit_tree
Snake:2:  layout_onion, nicolae_integral_box, minmay_shoptagon
Snake:3:  layout_misc_corridors, st_stairs_13, serial_bayou_crossing,
          uniq_vashnia
Snake:4:  johnstein_snake_rune_scales, layout_basic, serial_shops,
          nicolae_shop_tiny_statue_garden, grunt_megastairs_1, uniq_nikola,
          uniq_mlioglotl
Orc:1:    layout_diamond_mine, serial_shops, nicolae_shop_peninsula, shop,
          nicolae_lakefront_shop, uniq_fannar, uniq_josephine
Orc:2:    pf_orc_diabolical, layout_diamond_mine, gauntlet_entry_generic,
          uniq_azrael, uniq_saint_roka, uniq_urug
Elf:1:    layout_geoelf_diagonals, minmay_elf_crystal_hexagon,
          solitary_fountain, minivault_25_ag
Elf:2:    nicolae_elf_blades_splatter_lattice
          [nicolae_blade_entry_sentries_behind_glass], layout_geoelf_octagon,
          uniq_roxanne
Elf:3:    elf_hall_gauntlet_wide, layout_geoelf_castle, serial_shops,
          nicolae_shop_just_a_little_nook, shop, shop, shop,
          nicolae_shop_behind_doors, basic_altar, roderic_nine_men_s_morris,
          serial_sigils_hangedman_etch
Vaults:1: lightli_church_of_beogh, nicolae_vaults_network_quinsquares
          [nicolae_vaults_network_quincunx_subvault,
          nicolae_vaults_network_quincunx_subvault,
          nicolae_vaults_network_quincunx_subvault,
          nicolae_vaults_network_quincunx_subvault], vaults_mumra_chevron_long,
          nicolae_vaults_storage_closets_1, grunt_vaults_focal,
          nicolae_vaults_trapezoid_4, ontoclasm_vaults_idyll,
          ontoclasm_vaults_spin, layout_vaults_omnicross, serial_shops, shop
Vaults:2: nicolae_vaults_closet_pinwheel_6, v_misc_1, nicolae_vaults_network_s,
          v_alt_pattern_4, nicolae_vaults_trapezoid_lopsided_3,
          minmay_crypt_entry_simple_walls, nicolae_vaults_trapezoid_2,
          nicolae_vaults_heart-shaped_vault, layout_vaults_quadrants,
          serial_shops, nicolae_shop_statue_plus
Vaults:3: vaults_dpeg_doors, nicolae_vaults_diagonal_hallway_8,
          hangedman_vaults_stitches, v_misc_12, hangedman_vaults_variations,
          v_misc_11, vaults_dpeg_ring, v_alt_pattern_1,
          nicolae_vaults_antechamber_and_loot_room, grunt_vaults_diagonal,
          nicolae_vaults_closet_pinwheel_3, v_misc_5,
          nicolae_vaults_tetromino_T_1, nicolae_vaults_tetromino_Z_1,
          layout_vaults_maze_snakey
Vaults:4: nicolae_vaults_little_squares_6, nicolae_vaults_meeting,
          nicolae_vaults_network_periphery, nicolae_vaults_closet_pinwheel_2,
          nicolae_vaults_ring_of_whatevers, nicolae_vaults_little_squares_1,
          v_misc_13, ontoclasm_vaults_fault, v_misc_13,
          nicolae_vaults_double_plus_1, nicolae_vaults_tetromino_T_1,
          layout_vaults_big_room, uniq_zenata
Vaults:5: serial_shops
Crypt:1:  layout_chaotic_city, lemuel_mausoleum_altar_yredelemnul,
          roderic_lattice_octagonal_star, uniq_xtahua
Crypt:2:  layout_catacombs, minmay_misc_feat_rows, uniq_boris
Depths:1: layout_cave_shapes, rand_demon_pan_entry_3,
          nicolae_qazlal_style_of_elements, grunt_hell_entry_dis_mu,
          serial_shops, shop, minmay_misc_feat_tiny, st_stairs_3, hallowed_hall,
          grunt_megastairs_4
Depths:2: dreamdust_under_siege, layout_cave_pools, abyss_entry, hell_entry,
          grunt_pan_entry_sceptre, wad_dig_loot, infiniplex_staircase_squiggle
Depths:3: minmay_chopped_fan, layout_cave_pools, enter_ziggurat_f,
          pf_vacation_house_of_asmodeus, abyss_entry, pan_entry,
          nemelex_xobeh_ov_fountains_minmay
Depths:4: grunt_zot_entry_alcove, layout_gridlike, good_gods_temple_1,
          gammafunk_ghost_cemetery, abyss_entry_flame_altar,
          pf_hell_entry_tar_river, uniq_frederick
Zot:1:    layout_cathedral_of_symmetry, lemuel_flame_loot_1
Zot:2:    layout_gridlike, hangedman_hellfire_club
Zot:3:    layout_onion_interference, regret_index_zotdec_demonic_mixed
Zot:4:    layout_cathedral_of_symmetry, bh_zot_lava_cross,
          regret_index_zotdec_twisting_globes
Zot:5:    layout_basic

Skill      XL: |  1  2  3  4  5  6  7  8  9 10 11 12 13 14 15 16 17 18 19 20 21 22 23 24 25 26 |
---------------+-------------------------------------------------------------------------------+-----
Stealth        | 2 3 4 8 |  8.0
Fighting       | 2 3 5 8 9 11 12 13 14 15 | 15.8
Dodging        | 3 6 7 9 12 13 14 15 | 15.0
Polearms       | 2 3 4 6 8 13 14 | 14.0
Summonings     | 3 7 11 14 15 18 19 22 23 24 26 | 26.3
Ice Magic      | 3 |  3.0
Hexes          | 3 5 |  5.0
Spellcasting   | 1 3 5 6 8 9 10 12 13 | 13.5
Alchemy        | 2 8 10 | 10.0
Shields        | 2 4 7 10 12 13 14 | 14.8
Evocations     | 5 6 9 |  9.0
Conjurations   | 6 9 |  9.0
Shapeshifting  | 1 9 14 16 | 16.0
Necromancy     | 2 5 8 9 |  9.0
Translocations | 3 |  3.0
Ranged Weapons | |  0.2

Action                     |  1- 3 |  4- 6 |  7- 9 | 10-12 | 13-15 | 16-18 | 19-21 | 22-24 | 25-27 || total
---------------------------+-------+-------+-------+-------+-------+-------+-------+-------+-------++-------
  Melee: Dagger            |    31 |       |       |       |       |       |       |       |       ||    31
         Constrict         |    15 |     6 |    29 |    24 |    47 |    23 |    44 |    79 |    65 ||   332
         Club              |     2 |       |       |       |       |       |       |       |       ||     2
         Tentacles         |     8 |     6 |    30 |    27 |    49 |    51 |   102 |   274 |   182 ||   729
         Short sword       |    10 |       |       |       |       |       |       |       |       ||    10
         Spear             |       |    55 |   214 |   178 |       |       |       |       |       ||   447
         Punch             |       |       |     2 |     1 |     1 |     2 |     8 |    28 |    12 ||    54
         Trident           |       |       |       |       |   162 |       |       |       |       ||   162
         Demon trident     |       |       |       |       |    43 |   165 |   344 |   878 |   457 ||  1887
         Peck              |       |       |       |       |       |       |       |       |     1 ||     1
   Fire: Sling             |    46 |       |       |       |       |       |       |       |       ||    46
   Cast: Summon Ice Beast  |       |       |    17 |    43 |    60 |    45 |       |       |       ||   165
         Summon Mana Viper |       |       |       |    26 |   105 |   172 |   183 |   108 |    36 ||   630
         Summon Cactus Gia |       |       |       |    41 |   163 |   168 |   172 |   106 |    19 ||   669
         Olgreb's Toxic Ra |       |       |       |       |    46 |       |     9 |    10 |       ||    65
         Monstrous Menager |       |       |       |       |       |   131 |   195 |   117 |    25 ||   468
         Martyr's Knell    |       |       |       |       |       |    25 |    88 |    87 |     5 ||   205
         Irradiate         |       |       |       |       |       |     1 |     2 |    16 |    13 ||    32
         Haunt             |       |       |       |       |       |       |       |     5 |     8 ||    13
         Fugue of the Fall |       |       |       |       |       |       |       |    15 |    13 ||    28
         Summon Hydra      |       |       |       |       |       |       |       |       |   200 ||   200
         Dragon's Call     |       |       |       |       |       |       |       |       |    10 ||    10
 Invoke: Potion Petition   |       |       |       |       |     2 |     2 |     2 |     2 |     9 ||    17
         Call Merchant     |       |       |       |       |       |       |     1 |       |       ||     1
         Bribe Branch      |       |       |       |       |       |       |       |       |     3 ||     3
  Evoke: Wand              |     1 |     1 |     6 |     1 |    12 |     6 |     4 |     9 |     6 ||    46
         Tin of tremorston |       |       |       |       |     1 |     2 |     3 |       |     2 ||     8
         Lightning rod     |       |       |       |       |       |       |     6 |       |       ||     6
         Phantom mirror    |       |       |       |       |       |       |     1 |     3 |     1 ||     5
         Sack of spiders   |       |       |       |       |       |       |     1 |       |     1 ||     2
    Use: Scroll            |       |       |     7 |     7 |    16 |     5 |     4 |     1 |    14 ||    54
         Potion            |       |       |     3 |       |       |     1 |       |     2 |    24 ||    30
   Stab: Sleeping          |     3 |     7 |    12 |     3 |     1 |     1 |     8 |     5 |     1 ||    41
         Distracted        |       |     2 |     1 |     1 |     4 |     4 |    11 |    44 |    32 ||    99
         Petrifying        |       |       |     3 |     1 |       |       |       |       |       ||     4
         Petrified         |       |       |     1 |       |       |       |       |       |       ||     1
         Paralysed         |       |       |       |       |       |       |       |     1 |       ||     1
         Invisible         |       |       |       |       |       |       |       |     2 |       ||     2
 Armour: Skin              |    16 |     7 |    87 |    52 |   142 |   137 |   208 |   322 |   286 ||  1257
  Dodge: Dodged            |    37 |    20 |    90 |    71 |   323 |   307 |   659 |  1050 |   807 ||  3364
  Block: Buckler           |       |       |       |     1 |    97 |    54 |       |       |       ||   152
         Kite shield       |       |       |       |       |       |    80 |   419 |   722 |   428 ||  1649
   Form: Statue            |       |       |       |       |       |       |     3 |       |       ||     3
                           |       |       |       |       |       |       |     2 |       |       ||     2

Table legend: (Time is in decaauts)
 A = Elapsed time spent in this place.
 B = Non-inter-level travel time spent in this place.
 C = Inter-level travel time spent in this place.
 D = Time resting spent in this place.
 E = Time spent auto-exploring this place.
 F = Levels seen in this place.
 G = Mean time per level.
                   A        B        C        D        E       F      G
               +--------+--------+--------+--------+--------+-----+--------+
         Total | 104530 |  93074 |  11456 |  24254 |  49809 |  51 | 2049.6 |
       Dungeon |  22798 |  19324 |   3474 |   3520 |  12147 |  15 | 1519.9 |
          Lair |   9981 |   8513 |   1468 |   1993 |   4965 |   5 | 1996.2 |
         Swamp |   5273 |   4984 |    289 |   1460 |   2551 |   4 | 1318.2 |
     Snake Pit |  10724 |   9620 |   1104 |   3572 |   3887 |   4 | 2681.0 |
  Orcish Mines |   4670 |   4078 |    592 |   1384 |   1680 |   2 | 2335.0 |
   Elven Halls |   9211 |   8873 |    338 |   4193 |   2828 |   3 | 3070.3 |
        Vaults |  14266 |  12025 |   2241 |   1092 |   8382 |   5 | 2853.2 |
         Crypt |   2630 |   2457 |    173 |    198 |   1679 |   2 | 1315.0 |
        Depths |   9581 |   8581 |   1000 |   1743 |   4999 |   4 | 2395.2 |
           Zot |  13076 |  12303 |    773 |   4015 |   6201 |   5 | 2615.2 |
      Ice Cave |   1853 |   1853 |      0 |   1017 |    332 |   1 | 1853.0 |
      Gauntlet |    462 |    462 |      0 |     64 |    157 |   1 |  462.0 |
               +--------+--------+--------+--------+--------+-----+--------+

Top non-repeatable levels by time:
   Elf:3: 5736 daAuts
   Zot:5: 4981 daAuts
   Orc:2: 3459 daAuts
Vaults:4: 3313 daAuts
Vaults:2: 3222 daAuts
 Snake:4: 3093 daAuts
 Snake:2: 3088 daAuts
Vaults:1: 3086 daAuts
    D:14: 2825 daAuts
Depths:2: 2733 daAuts
Depths:4: 2599 daAuts
Vaults:5: 2564 daAuts
  Lair:3: 2549 daAuts
  Lair:5: 2538 daAuts
   Zot:4: 2524 daAuts
